 Dungeon Crawl Stone Soup version 0.23.0 (webtiles) character file.

Game seed: 17781341644601429196

3006 Infinimo the Carver (level 9, -5/72 HPs)
             Began as a Demonspawn Berserker on Feb 10, 2019.
             Was an Elder of Trog.
             Slain by a moth of wrath (9 damage)
             ... while petrified by you
             ... on level 7 of the Dungeon.
             The game lasted 00:14:19 (8902 turns).

Infinimo the Carver (Demonspawn Berserker)          Turns: 8902, Time: 00:14:19

Health: -5/72      AC: 12    Str: 21    XL:     9   Next: 54%
Magic:  9/9        EV:  2    Int:  8    God:    Trog [****..]
Gold:   443        SH:  0    Dex: 18    Spells: 8/8 levels left

rFire    . . .     SeeInvis .   x - +3 scimitar
rCold    . . .     Gourm    .   (no shield)
rNeg     + + +     Faith    .   j - +0 scale mail
rPois    ∞         Spirit   .   q - +0 helmet
rElec    .         Reflect  .   (no cloak)
rCorr    .         Harm     .   (no gloves)
MR       .....                  h - +1 pair of boots
Stlth    +.........             (no amulet)
HPRegen  0.22/turn              (no ring)
MPRegen  0.11/turn              (no ring)

@: agile, petrified, berserk cooldown, slowed, drained
A: talons 1, thin metallic scales 1, demonic guardian 1, powered by pain 1
a: Berserk, Trog's Hand, Brothers in Arms, Renounce Religion


You were on level 7 of the Dungeon.
You worshipped Trog.
Trog was greatly pleased with you.
You were very hungry.

You visited 1 branch of the dungeon, and saw 9 of its levels.
You also visited: Sewer.

You collected 443 gold pieces.

Inventory:

Hand Weapons
 x - a +3 scimitar (weapon)
Armour
 h - a +1 pair of boots (worn)
 j - a +0 scale mail (worn)
 q - a +0 helmet (worn)
Wands
 u - a wand of clouds (5)
Scrolls
 f - a scroll of enchant weapon
 l - a scroll of teleportation
 s - a scroll of blinking {unknown}
 w - a scroll of identify
Potions
 a - a potion of berserk rage {unknown}
 b - a potion of agility {unknown}
 d - a potion of lignification
 e - a potion of degeneration
 g - a potion of heal wounds
 i - 2 potions of invisibility
 k - a potion of haste
 m - a potion of resistance
 n - a potion of flight {unknown}
 o - a potion of ambrosia {unknown}
 r - a potion of mutation {unknown}
 t - a potion of curing {unknown}
Comestibles
 c - 7 rations


   Skills:
 + Level 7.3(6.1) Fighting
 * Level 9.1(7.8) Long Blades
 + Level 6.3(5.1) Armour
 - Level 1.7(0.7) Dodging


You had 8 spell levels left.
You didn't know any spells.
Your spell library was empty.

Dungeon Overview and Level Annotations

Branches:
Dungeon (9/15)             Temple (0/1) D:5            Lair (0/6) D:9
    Orc: D:9-12

Altars:
Ashenzari
Uskayaw
Zin

Annotations:
D:7 1 transporter, Skippwaahh's ghost, novice TeEn


Innate Abilities, Weirdness & Mutations

You have sharp toenails.
You are partially covered in thin metallic scales. (AC +2)
A weak demonic guardian rushes to your aid.
You sometimes gain a little power by taking damage.


Message History

Your quasit dies!
You hear a bellow!
You riposte.
The crocodile is moderately wounded.
You have turned to stone.
The moth of wrath goads something on!
You hear a screech!
The catoblepas gores you! The catoblepas gores you!!
The moth of wrath bites you. The catoblepas gores you!!!
* * * LOW HITPOINT WARNING * * *
The moth of wrath bites you!
* * * LOW HITPOINT WARNING * * *
The catoblepas gores you!
* * * LOW HITPOINT WARNING * * *
You are no longer berserk.
You feel yourself slow down. The catoblepas gores you!
* * * LOW HITPOINT WARNING * * *
The moth of wrath bites you!!
You die...

.≈≈≈≈......#.######.####
.≈≈≈≈.##.###......(....#
≈≈≈≈≈.##.# ###########.##
≈≈≈≈≈..#.# #########..#
.≈≈≈P....# ###.......##.##
≈P≈≈.....# #...#####.....#
≈≈≈≈≈≈...# #.###...###...#
.≈≈≈≈....# #.#.......##..#
P≈≈≈≈....###.#..@#.#..#..#
≈.≈≈≈P..>....#.yY#.#..#..#
≈≈≈≈≈≈.#....##.#Ht§H.##..#
≈≈≈≈≈.......#.#...#./#...#
.≈≈≈≈≈......#...#©.=$#©..#
.≈≈≈≈≈.#....##.....#%#..##
..≈≈≈#.#....©#.#...#.##.#
P#≈≈≈#.#....##..##.#..#.#
.#≈≈≈#...##.#...#...#.#.#


You could see a catoblepas (berserk), a moth of wrath, a hippogriff (berserk)
and a crocodile (berserk).

Vanquished Creatures
  Pikel (D:7)
  Grinder (D:5)
  A hippogriff (D:9)
  2 yaks (D:9)
  2 porcupines (D:9)
  2 phantoms
  An orc warrior (D:4)
  A crocodile (D:9)
  A big kobold (D:7)
  3 bullfrogs
  A scorpion (D:7)
  2 wights
  4 electric eels (D:7)
  3 howler monkeys
  2 bullfrog skeletons (D:5)
  2 orc priests
  3 hounds
  4 orc wizards
  Terence (D:2)
  4 iguanas
  7 adders
  A river rat (D:5)
  2 shadow imps (D:7)
  14 oozes (Sewer)
  3 adder skeletons
  7 worms
  4 dart slugs
  15 leopard geckos
  15 orcs
  2 bats
  11 giant cockroaches
  5 hobgoblins
  2 jackals (D:3)
  3 quokkas
  11 ball pythons
  14 frilled lizards
  5 goblins
  A jackal skeleton (D:5)
  7 kobolds
  9 rats
  A fungus (D:1)
180 creatures vanquished.

Vanquished Creatures (collateral kills)
  A yak (D:9)
  A howler monkey (D:5)
  An electric eel (D:7)
  A worker ant (D:4)
  A leopard gecko (Sewer)
  4 orcs
  A kobold (D:7)
10 creatures vanquished.

Vanquished Creatures (others)
  A minotaur (D:1)
  An octopode (D:1)
  A draconian (D:1)
  A vine stalker (D:1)
  2 trolls (D:1)
  A formicid (D:1)
  A spriggan (D:1)
  A vampire (D:1)
  A human (D:1)
  A naga (D:1)
  A dwarf (D:1)
  A slave (D:7)
  A centaur (D:1)
  A mummy (D:1)
  An orc (D:1)
  2 fungi (D:9)
  4 plants
  12 tentacles (D:1)
  2 toadstools (D:1)
36 creatures vanquished.

Grand Total: 226 creatures vanquished

Notes
Turn   | Place    | Note
-------+----------+-------------------------------------------
     0 | D:1      | Infinimo the Demonspawn Berserker began the quest for the
                  | Orb.
     0 | D:1      | Reached XP level 1. HP: 18/18 MP: 1/1
     2 | D:1      | Noticed a formicid
     2 | D:1      | Noticed a spriggan
     2 | D:1      | Noticed a troll
     2 | D:1      | Noticed a naga
     2 | D:1      | Noticed a human
     2 | D:1      | Noticed a dwarf
     2 | D:1      | Noticed a vine stalker
     2 | D:1      | Noticed a centaur
     2 | D:1      | Noticed a kraken
     2 | D:1      | Noticed an octopode
     2 | D:1      | Noticed a troll
     2 | D:1      | Noticed a draconian
     2 | D:1      | Noticed a minotaur
     2 | D:1      | Noticed a vampire
     2 | D:1      | Killed a spriggan
     6 | D:1      | Killed a troll
     9 | D:1      | Killed a draconian
     9 | D:1      | Killed a dwarf
    10 | D:1      | Killed a formicid
    11 | D:1      | Killed a troll
    12 | D:1      | Killed an octopode
    16 | D:1      | Killed a centaur
    19 | D:1      | Killed a minotaur
    22 | D:1      | Killed a vine stalker
    24 | D:1      | Killed a naga
    24 | D:1      | Killed a vampire
    28 | D:1      | Killed a human
   528 | D:1      | Reached skill level 3 in Long Blades
   589 | D:1      | Gained mutation: You are partially covered in thin metallic
                  | scales. (AC +2) [demonic ancestry]
   589 | D:1      | Reached XP level 2. HP: 24/24 MP: 2/2
  1509 | D:2      | Noticed Terence
  1522 | D:2      | Killed Terence
  1522 | D:2      | Gained mutation: You have sharp toenails. [demonic
                  | ancestry]
  1522 | D:2      | Reached XP level 3. HP: 29/29 MP: 3/3
  1730 | D:2      | Reached ** piety under Trog
  2093 | D:3      | Gained mutation: A weak demonic guardian rushes to your
                  | aid. [demonic ancestry]
  2093 | D:3      | Reached XP level 4. HP: 35/35 MP: 4/4
  2580 | D:3      | Noticed an angel
  2581 | D:3      | Found a glowing silver altar of Zin.
  3153 | D:4      | Reached skill level 4 in Long Blades
  3351 | D:4      | Reached XP level 5. HP: 42/42 MP: 5/5
  3709 | D:4      | Noticed an orc warrior
  3718 | D:4      | Killed an orc warrior
  3718 | D:4      | Reached XP level 6. HP: 48/48 MP: 6/6
  4142 | D:4      | Found a shattered altar of Ashenzari.
  4425 | D:5      | Entered Level 5 of the Dungeon
  4460 | D:5      | Reached skill level 5 in Long Blades
  4475 | D:5      | Found a staircase to the Ecumenical Temple.
  4545 | D:5      | Noticed Grinder
  4552 | D:5      | Paralysed by Grinder for 3 turns
  4556 | D:5      | Killed Grinder
  4556 | D:5      | Reached XP level 7. HP: 42/55 MP: 7/7
  4684 | D:5      | Reached skill level 5 in Fighting
  4839 | D:5      | Reached skill level 6 in Long Blades
  4852 | D:5      | Found a glowing drain.
  4883 | Sewer    | Entered a sewer
  5042 | Sewer    | Reached *** piety under Trog
  5332 | Sewer    | Gained mutation: You sometimes gain a little power by
                  | taking damage. [demonic ancestry]
  5332 | Sewer    | Reached XP level 8. HP: 63/63 MP: 8/8
  5342 | Sewer    | Reached **** piety under Trog
  5449 | D:5      | You fall through a shaft!
  5519 | D:6      | You fall through a shaft for 3 floors!
  5552 | D:9      | Noticed a hippogriff
  5556 | D:9      | Killed a hippogriff
  5593 | D:9      | Reached skill level 7 in Long Blades
  5663 | D:9      | Reached skill level 5 in Armour
  5978 | D:9      | Found a staircase to the Lair.
  6011 | D:9      | Reached skill level 8 in Long Blades
  6112 | D:7      | Found the +7 lajatang of Order {silver, rMut}
  6117 | D:7      | Noticed Skippwaahh's ghost (novice TeEn)
  6117 | D:7      | Noticed a moth of wrath
  6127 | D:7      | Noticed a catoblepas
  6135 | D:7      | Noticed a hippogriff
  6338 | D:7      | Found a transporter.
  6352 | D:7      | Found a transporter.
  6385 | D:7      | Reached XP level 9. HP: 71/71 MP: 9/9
  6386 | D:7      | Found a glowing silver altar of Zin.
  7696 | D:7      | HP: 2/106 [electric eel/bolt of electricity (13)]
  7700 | D:7      | Paralysed by fainting for 9 turns
  8054 | D:7      | Noticed Pikel
  8078 | D:7      | Killed Pikel
  8090 | D:7      | Found a hide-covered altar of Uskayaw.
  8105 | D:7      | Reached skill level 9 in Long Blades
  8817 | D:8      | Noticed a two-headed ogre
  8901 | D:7      | HP: 3/72 [catoblepas (8)]
  8902 | D:7      | Slain by a moth of wrath

Skill      XL: |  1  2  3  4  5  6  7  8  9 |
---------------+----------------------------+-----
Long Blades    | 3 4 5 6 8 9 |  9.1
Armour         | 2 3 4 5 6 |  6.3
Fighting       | 4 5 6 7 |  7.3
Dodging        | |  1.7

Action                   |  1- 3 |  4- 6 |  7- 9 || total
-------------------------+-------+-------+-------++-------
Melee: Falchion          |    99 |    86 |       ||   185
       Long sword        |       |    19 |   402 ||   421
       Scimitar          |       |       |     3 ||     3
Invok: Berserk           |     6 |     9 |    13 ||    28
  Use: Scroll            |     6 |     6 |     2 ||    14
 Stab: Distracted        |       |     2 |     1 ||     3
  Eat: Chunk             |     8 |    12 |    21 ||    41
       Ration            |       |     1 |     2 ||     3
Armor: Animal skin       |     7 |       |       ||     7
       Scale mail        |     1 |    49 |   201 ||   251
Dodge: Dodged            |    32 |    42 |   231 ||   305
       Rpst.: Falchion   |    13 |     9 |       ||    22
       Long sword        |       |     2 |    69 ||    71
       Scimitar          |       |       |     1 ||     1
